 Dungeon Crawl Stone Soup version bcrawl-1.19.1 (webtiles) character file.

Game seed: 8644603340025063521

635 Banto the Insei (level 7, -6/52 HPs)
             Began as a Black Draconian Transmuter on Nov 30, 2019.
             Was a Follower of Cheibriados.
             Mangled by an ogre
             ... wielding a +0 giant club
              (16 damage)
             ... on level 4 of the Dungeon.
             The game lasted 00:04:11 (3943 turns).

Banto the Insei (Black Draconian Transmuter)        Turns: 3943, Time: 00:04:12

Health: -6/52      AC:  6    Str: 14    XL:     7   Next: 25%
Magic:  8/10       EV: 12    Int: 16    God:    Cheibriados [*.....]
Gold:   279        SH:  0    Dex: 15    Spells: 5/10 levels left

rFire    . . .     SeeInvis .     - Unarmed
rCold    + . .     Gourm    .   (no shield)
rNeg     . . .     Faith    .   (armour unavailable)
rPois    .         Spirit   .   (helmet restricted)
rElec    +         Reflect  .   (no cloak)
rCorr    .         Harm     .   (no gloves)
MR       .....                  (no boots)
Stlth    +.........             (no amulet)
HPRegen  0.17/turn              (no ring)
MPRegen  0.12/turn              (no ring)

@: very slow
A: breathe lightning, unfitting armour, talons 1, cold resistance 1, electricity
resistance, wild magic 1, evolution 1, cold-blooded, AC +6
a: Breathe Lightning, Bend Time, Renounce Religion


You were on level 4 of the Dungeon.
You worshipped Cheibriados.
Cheibriados was aware of your devotion.
You were hungry.

You visited 1 branch of the dungeon, and saw 4 of its levels.

You collected 279 gold pieces.

Inventory:

Missiles
 a - 549 arrows
Wands
 l - a wand of paralysis (11)
Scrolls
 e - 3 scrolls of teleportation
 f - 2 scrolls of remove curse
 j - a scroll of amnesia
 m - 3 scrolls of identify
Potions
 b - 2 potions of curing
 c - 3 potions of might
 h - a potion of agility
 i - a potion of cancellation
Comestibles
 d - 6 rations {!d}


   Skills:
 - Level 1.3 Fighting
 - Level 1.7 Dodging
 + Level 6.3 Unarmed Combat
 - Level 2.0 Spellcasting
 + Level 5.9 Transmutations


You had 5 spell levels left.
You knew the following spells:

 Your Spells              Type           Power        Failure   Level  Hunger
b - Sticks to Snakes      Tmut           ####....     4%          2    ###....
c - Spider Form           Tmut/Pois      ##.          26%         3    ###....

Your spell library contained the following spells:

 Spells                   Type           Power        Failure   Level  Hunger
 Beastly Appendage        Tmut           ####..       3%          1    #......
 Blade Hands              Tmut           ####......   54%         5    ######.
 Ice Form                 Ice/Tmut       ##......     61%         4    #####..


Dungeon Overview and Level Annotations

Branches:
Dungeon (4/12)
 Temple: D:4-7

Altars:
Cheibriados
Dithmenos
Elyvilon
Gozag
Hepliaklqana
Xom
Yredelemnul


Innate Abilities, Weirdness & Mutations

You can breathe wild blasts of lightning.
Your glossy black scales are hard. (AC +6)
You cannot fit into any form of body armour.
You are resistant to electric shocks. (rElec)
You are cold-blooded and may be slowed by cold attacks.
You have sharp toenails.
Your flesh is cold resistant. (rC+)
Your spells are a little harder to cast, but a little more powerful.
You evolve.


Message History

You barely miss the ogre.
You tail-slap the ogre, but do no damage.
The ogre is heavily wounded.
The ogre hits you with a +0 giant club!
* * * LOW HITPOINT WARNING * * *
You hit the ogre.
The ogre is heavily wounded.
You have got your breath back.
You closely miss the ogre.
The ogre is heavily wounded.
The ogre closely misses you.
Casting: Spider Form (safe; 26% risk of failure)
Confirm with . or Enter, or press ? or * to list all spells.
You create a snake!
You now have arrows for 54 snakes.
The ogre closely misses you.
Your ball python barely misses the ogre.
You hit the ogre but do no damage. You tail-slap the ogre.
The ogre is heavily wounded.
The ogre hits you with a +0 giant club!
You die...

###..............
#......##...###..
##....####...# ##.
#...........## #.
########....#####.
###
##.......#........
...
#..#######.#####..
#.####.### #.# ##.
#.....@(.# #.#
##.. #....O...#
#.# #...
+....S..(# ##.#
##... #........#
#..###....
#........#
#<###.....
#........#
#.###.....
#.........#
#.##......
#.........#
#.##.###..
....#.....#
#.######..


You could see an ogre and a friendly ball python.

Vanquished Creatures
  Sigmund (D:2)
  A sky beast (D:4)
  An ogre (D:4)
  A bullfrog (D:4)
  A scorpion (D:3)
  An orc wizard (D:3)
  Jessica (D:2)
  2 worker ants (D:4)
  5 adders
  5 worms
  A dart slug (D:2)
  A leopard gecko (D:2)
  2 orcs
  2 ball pythons
  2 bats
  3 giant cockroaches (D:2)
  3 goblins
  7 hobgoblins
  4 jackals (D:1)
  6 kobolds
  3 quokkas
  4 frilled lizards
  3 quokka skeletons
  7 rats
67 creatures vanquished.

Vanquished Creatures (collateral kills)
  2 orcs (D:2)
  A hobgoblin (D:3)
3 creatures vanquished.

Grand Total: 70 creatures vanquished

Notes
Turn   | Place    | Note
-------+----------+-------------------------------------------
     0 | D:1      | Banto the Draconian Transmuter began the quest for the Orb.
     0 | D:1      | Reached XP level 1. HP: 16/16 MP: 3/3
   186 | D:1      | Reached XP level 2. HP: 17/23 MP: 3/5
   514 | D:2      | Noticed Sigmund
  1010 | D:1      | Learned a level 2 spell: Sticks to Snakes
  1024 | D:2      | Killed Sigmund
  1024 | D:2      | Reached skill level 4 in Unarmed Combat
  1024 | D:2      | Reached XP level 3. HP: 25/28 MP: 2/6
  1024 | D:2      | Reached XP level 4. HP: 32/35 MP: 2/7
  1024 | D:2      | Reached XP level 5. HP: 37/40 MP: 2/8
  1139 | D:2      | Learned a level 3 spell: Spider Form
  1226 | D:2      | Noticed Jessica
  1231 | D:2      | Killed Jessica
  1627 | D:2      | Gained mutation: You are frail. (-10% HP) [potion of
                  | mutation]
  1627 | D:2      | Gained mutation: Your flesh is cold resistant. (rC+)
                  | [potion of mutation]
  1627 | D:2      | Gained mutation: Your spells are a little harder to cast,
                  | but a little more powerful. [potion of mutation]
  1627 | D:2      | Gained mutation: You evolve. [potion of mutation]
  1667 | D:2      | HP: 1/36 [poisoned by an orc]
  1991 | D:2      | Found a hazy altar of Hepliaklqana.
  2045 | D:2      | Gained mutation: You have sharp toenails. [evolution]
  2086 | D:2      | Found a shimmering altar of Xom.
  2154 | D:3      | Found a snail-covered altar of Cheibriados.
  2179 | D:3      | Reached skill level 5 in Unarmed Combat
  2552 | D:3      | Became a worshipper of Cheibriados the Contemplative
  2611 | D:3      | Reached XP level 6. HP: 42/42 MP: 9/9
  2686 | D:3      | Found a shadowy altar of Dithmenos.
  2861 | D:3      | Found a white marble altar of Elyvilon.
  2862 | D:3      | Lost mutation: You are frail. (-10% HP) [evolution]
  3082 | D:4      | Noticed a sky beast
  3300 | D:4      | Killed a sky beast
  3300 | D:4      | Reached skill level 5 in Transmutations
  3449 | D:4      | Found a basalt altar of Yredelemnul.
  3458 | D:4      | Reached skill level 6 in Unarmed Combat
  3507 | D:4      | Reached * piety under Cheibriados
  3523 | D:4      | Your scales start taking on a glossy black colour.
  3523 | D:4      | Reached XP level 7. HP: 31/52 MP: 6/10
  3523 | D:4      | Gained mutation: You are resistant to electric shocks.
                  | (rElec) [Black Draconian growth]
  3664 | D:4      | Found an opulent altar of Gozag.
  3943 | D:4      | Mangled by an ogre

Skill      XL: |  1  2  3  4  5  6 |
---------------+-------------------+-----
Unarmed Combat | 4 5 6 |  6.3
Transmutations | 4 5 |  5.9
Fighting       | |  1.3
Dodging        | |  1.7
Spellcasting   | |  2.0

Action                   |  1- 3 |  4- 6 |  7- 9 || total
-------------------------+-------+-------+-------++-------
Melee: Unarmed           |    74 |   157 |    24 ||   255
       Kick              |     4 |    13 |     6 ||    23
       Tailslap          |     6 |    15 |     4 ||    25
       Punch             |     1 |     1 |       ||     2
 Cast: Beastly Appendage |     4 |     1 |       ||     5
       Sticks to Snakes  |     2 |     6 |     1 ||     9
       Spider Form       |       |     4 |       ||     4
 Abil: Breathe Lightning |       |       |     1 ||     1
  Use: Potion            |     1 |     1 |       ||     2
       Scroll            |       |    10 |       ||    10
 Stab: Sleeping          |     2 |     1 |       ||     3
       Distracted        |     1 |       |       ||     1
  Eat: Chunk             |       |    10 |       ||    10
Armor: Skin              |    19 |    26 |       ||    45
Dodge: Dodged            |    43 |    93 |    17 ||   153
